 Dungeon Crawl Stone Soup version 0.31-a0-361-g0f8bd3a31e (webtiles) character file.

Game seed: 17699921164196124119

273 BritishOli the Trooper (level 6, -4/48 HPs)
             Began as a Demonspawn Fighter on July 27, 2023.
             Slain by an ogre
             ... wielding a +0 giant club
              (16 damage)
             ... on level 4 of the Dungeon.
             The game lasted 00:02:36 (2731 turns).

BritishOli the Trooper (Demonspawn Fighter)         Turns: 2731, Time: 00:02:37

Health: -4/48      AC:  7    Str: 19    XL:     6   Next: 2%
Magic:  6/6        EV:  9    Int:  9    God:
Gold:   159        SH:  4    Dex: 12    Spells: 5/5 levels left

rFire   . . .        a - +0 war axe
rCold   . . .        c - +0 buckler
rNeg    . . .        b - +0 scale mail
rPois   .            (helmet restricted)
rElec   .            (no cloak)
rCorr   .            (no gloves)
SInv    .            (no boots)
Will    .....        (no amulet) Stlth
                     (no ring)
HPRegen 0.28/turn    (no ring)
MPRegen 0.10/turn

%: no passive effects
@: no status effects
A: antennae 1, powered by pain 1, spiny 1
a: no special abilities


You were on level 4 of the Dungeon.
You visited 1 branch of the dungeon, and saw 4 of its levels.

You collected 159 gold pieces.

Inventory:

Hand Weapons
 a - a +0 war axe (weapon)
Armour
 b - a +0 scale mail (worn)
 c - a +0 buckler (worn)
Jewellery
 f - a +6 ring of intelligence
Scrolls
 i - 2 scrolls of amnesia {unknown}
 j - 2 scrolls of identify {unknown}
 k - a scroll of revelation {unknown}
 l - a scroll of poison {unknown}
 n - a scroll of fog {unknown}
 p - a scroll of teleportation {unknown}
Potions
 d - a potion of might
 e - a potion of brilliance {unknown}
 g - a potion of lignification {unknown}
 h - 3 potions of attraction {unknown}
 m - 4 potions of curing {unknown}
 o - a potion of berserk rage {unknown}


   Skills:
 + Level 4.0 Fighting
 * Level 3.6 Axes
 + Level 3.7 Armour
 + Level 1.7 Dodging
 - Level 3.0 Shields


You had 5 spell levels left.
You didn't know any spells.
Your spell library contained the following spells:

 Spells                   Type           Power      Damage    Failure   Level
 Summon Small Mammal      Summ           0%         N/A       83%         1
 Blink                    Tloc           0%         N/A       92%         2
 Lesser Beckoning         Tloc           0%         N/A       92%         2
 Momentum Strike          Conj/Tloc      0%         3d8       92%         2
 Call Canine Familiar     Summ           0%         N/A       99%         3
 Gell's Gravitas          Tloc           0%         N/A       99%         3
 Summon Guardian Golem    Hex/Summ       0%         N/A       99%         3
 Teleport Other           Tloc           0%         N/A       99%         3
 Dispersal                Tloc           0%         N/A       100%        6


Dungeon Overview and Level Annotations

Branches:
Dungeon (4/15)
 Temple: D:4-7

Altars:
Dithmenos
Fedhas
Uskayaw

Shops:
D:1 [!   D:4 :

Annotations:
D:4 Menkaure


Innate Abilities, Weirdness & Mutations

You have a pair of small antennae on your head.
You sometimes gain a little power by taking damage.
You are partially covered in sharp spines.


Message History

You feel energised by your suffering.
You see here an adder corpse.
You now have 159 gold pieces (gained 15).
m - 4 lumpy clear potions (gained 1) Menkaure, Prince of Dust comes into view.
Menkaure shouts!
Menkaure calls on the powers of darkness!
Your body is wracked with pain!
Menkaure giggles, "These cerements are ticklish..."
Menkaure is nearby!
Menkaure is nearby!
An ogre comes into view. It is wielding a +0 giant club.
The ogre shouts!
There are monsters nearby!
Menkaure hits you!
* * * LOW HITPOINT WARNING * * *
There are monsters nearby!
You are too injured to fight recklessly!
There are monsters nearby!
You are too injured to fight recklessly!
You are too injured to fight recklessly!
You are too injured to fight recklessly!
You hit Menkaure.
Menkaure is lightly damaged.
You block Menkaure's attack.
You hit Menkaure.
Menkaure is moderately damaged.
Menkaure closely misses you.
An iguana comes into view.
You closely miss Menkaure.
Menkaure is moderately damaged.
The iguana hisses angrily.
Menkaure mumbles some strange words.
Menkaure seems to speed up.
You hit Menkaure but do no damage.
Menkaure is moderately damaged.
You barely miss the ogre. Menkaure is struck by your spines.
Menkaure closely misses you. The ogre is struck by your spines.
The ogre hits you with a +0 giant club!
You die...

##.#.# ## .# #.#)# .#
#.#.#### .# ##+#..... #
##. ##.).##### . ...
##.[.))## #.##.##
##.......##
####.#.M.####.........##
..l...O@....+.........+.
####.#...####.........##
##...#.## ##.......##
##.....## ##.....##
#.......# ##..>##
##.....## ##'## ##...##
#.# ###.## ##### #.#####
#....# #...####.†...+


You could see an ogre, Menkaure (fast) and an iguana.

Vanquished Creatures
  An orc priest (D:3)
  3 orc wizards (D:3)
  8 adders
  A worm (D:2)
  3 dart slugs
  14 orcs
  7 ball pythons
  5 endoplasms
  4 giant cockroaches
  6 goblins
  7 hobgoblins
  4 kobolds
  A quokka (D:3)
  7 bats
  4 frilled lizards
  6 rats
81 creatures vanquished.

Notes
Turn   | Place    | Note
-------+----------+-------------------------------------------
     0 | D:1      | BritishOli the Demonspawn Fighter began the quest for the
                  | Orb.
     0 | D:1      | Reached XP level 1. HP: 18/18 MP: 1/1
   122 | D:1      | Found Agadir's Distillery.
   172 | D:1      | Gained mutation: You have a pair of small antennae on your
                  | head. [demonic ancestry]
   172 | D:1      | Reached XP level 2. HP: 21/24 MP: 2/2
   204 | D:1      | Found a faded altar of an unknown god.
   379 | D:1      | Found Wuesaroe's Armour Shop.
   482 | D:1      | Gained mutation: You are partially covered in sharp spines.
                  | [demonic ancestry]
   482 | D:1      | Reached XP level 3. HP: 29/29 MP: 3/3
  1435 | D:3      | Reached XP level 4. HP: 35/35 MP: 4/4
  1475 | D:3      | Reached skill level 1 in Dodging
  1550 | D:3      | Found a shadowy altar of Dithmenos.
  1557 | D:3      | Reached XP level 5. HP: 34/42 MP: 5/5
  1819 | D:3      | Found a blossoming altar of Fedhas.
  2207 | D:3      | Identified the +11 sling of Action {flame, rF+ Will+}
  2255 | D:3      | Found a hide-covered altar of Uskayaw.
  2255 | D:3      | Noticed a +0 short sword
  2255 | D:3      | Noticed a +0 short sword
  2255 | D:3      | Noticed a +0 spear
  2256 | D:3      | Noticed a +0 falchion
  2257 | D:3      | Noticed a +0 spear
  2257 | D:3      | Noticed a +0 falchion
  2258 | D:3      | Noticed a +0 dagger
  2258 | D:3      | Noticed a +0 dagger
  2332 | D:3      | Reached skill level 4 in Fighting
  2506 | D:4      | Found Keky's Book Shoppe.
  2682 | D:4      | Gained mutation: You sometimes gain a little power by
                  | taking damage. [demonic ancestry]
  2682 | D:4      | Reached XP level 6. HP: 46/48 MP: 6/6
  2723 | D:4      | Noticed Menkaure
  2731 | D:4      | Slain by an ogre

Illustrated notes

Levels and vault maps discovered:
D:1:      minmay_arrival_stone_box, layout_loops_ring, serial_shops,
          nicolae_shop_industrial_runoff, shop,
          chequers_ecumenical_altar_island, hangedman_decor_peaks_small,
          minmay_misc_feat_enclosed
D:2:      layout_basic
D:3:      layout_basic, nicolae_overflow_hidden_temple,
          nicolae_uskayaw_en_pointe, grunt_dithmenos_smoke_and_mirrors,
          grunt_decor_one_mirror
D:4:      layout_loops_corners, marbit_many_paths, serial_shops, shop,
          nicolae_shop_hallway_plus, nicolae_book_shop_shelving,
          kennysheep_little_box, minmay_crystal_room, uniq_menkaure

Skill      XL: |  1  2  3  4  5 |
---------------+----------------+-----
Axes           | 2 3 |  3.6
Armour         | 3 |  3.7
Shields        | 3 |  3.0
Dodging        | 1 |  1.7
Fighting       | 4 |  4.0

Action                     |  1- 3 |  4- 6 || total
---------------------------+-------+-------++-------
  Melee: War axe           |   113 |    71 ||   184
 Armour: Scale mail        |    58 |    34 ||    92
  Dodge: Dodged            |    40 |    35 ||    75
  Block: Buckler           |    26 |    14 ||    40

Table legend: (Time is in decaauts)
 A = Elapsed time spent in this place.
 B = Non-inter-level travel time spent in this place.
 C = Inter-level travel time spent in this place.
 D = Time resting spent in this place.
 E = Time spent auto-exploring this place.
 F = Levels seen in this place.
 G = Mean time per level.
                   A        B        C        D        E       F      G
               +--------+--------+--------+--------+--------+-----+--------+
         Total |   2810 |   2664 |    146 |     65 |   2096 |   4 |  702.5 |
       Dungeon |   2810 |   2664 |    146 |     65 |   2096 |   4 |  702.5 |
               +--------+--------+--------+--------+--------+-----+--------+

Top non-repeatable levels by time:
     D:3: 1097 daAuts
     D:2: 760 daAuts
     D:1: 721 daAuts
     D:4: 230 daAuts
